Flyers vs Canadiens
Created - April 20, 2023 at 23:24
Goals
|
| Flyers |
2 |
0 |
1 |
3 |
| Canadiens |
0 |
1 |
3 |
4 |
|
Shots
|
| Flyers |
8 |
10 |
11 |
29 |
| Canadiens |
8 |
14 |
11 |
33 |
|
1st period
1. Flyers , Marcus Kruger 26 (Drew Miller 21, Brian Lashoff 13) at 1:57
2. Flyers , Tomas Kubalik 2 (Calle Jarnkrok 8, Jonathan Ericsson 13) at 13:19
Penalties :
Cam Fowler (Mon) for Cross-checking (Minor) at 2:09
2nd period
3. Canadiens , Jordan Szwarz 18 (Cam Fowler 20, Scott Hartnell 8) at 0:43
Penalties :
Nick Ritchie (Phi) for High sticking (Minor) at 5:28
3rd period
4. Canadiens , Mika Zibanejad 33 (Chris Kreider 47, Nikita Kucherov 41) at 0:36
5. Canadiens , Greg Stewart 21 (Jean-Gabriel Pageau 27, Kevin Shattenkirk 33) at 11:57
6. Canadiens , Brian Dumoulin 4 (Cam Fowler 21, Chris Kreider 48) at 14:41 (PP)
7. Flyers , Calle Jarnkrok 7 (Tomas Kubalik 2, Jeff Carter 28) at 15:58
Penalties :
Nathan Beaulieu (Phi) for Tripping (Minor) at 2:11, Jeff Carter (Phi) for Interference (Minor) at 14:17, Brian Lashoff (Phi) for Hooking (Minor) at 17:05
Goalie Stats
Ilya Sorokin (Phi), 29 saves from 33 shots - (0.879), L, 6-10-5, 59:21 minutes
Robin Lehner (Mon), 26 saves from 29 shots - (0.897), W, 24-23-8, 60:00 minutes
Players Stats for Flyers
Player Name G A P +/- PIM S H SB GA TA FO MP PP MP PK MP
------------------------------------------------------------------------------------
Brian Lashoff 0 1 1 -1 2 0 0 0 1 1 0/0 20:29 1:34 1:42
Brock Nelson 0 0 0 2 0 1 2 0 1 0 0/0 8:55 0:00 1:22
Calle Jarnkrok 1 1 2 2 0 2 0 0 1 0 0/1 7:56 0:00 0:31
Drew Miller 0 1 1 -2 0 2 0 1 0 0 1/2 15:21 1:35 0:00
Jacob Trouba 0 0 0 -1 0 1 2 1 1 1 0/0 27:19 0:25 3:59
Jake Dotchin 0 0 0 2 0 0 0 0 1 0 0/0 13:42 0:00 2:01
Jakub Voracek 0 0 0 0 0 2 1 3 3 1 2/2 22:24 0:24 3:29
Jeff Carter 0 1 1 -2 2 0 1 0 0 0 7/12 17:07 1:35 1:30
Jonathan Ericsson 0 1 1 2 0 0 0 0 0 2 0/0 12:27 0:00 0:31
Jordan Nolan 0 0 0 0 0 1 3 1 3 0 11/32 22:17 0:24 3:22
Marcus Kruger 1 0 1 -2 0 6 2 0 1 0 0/0 15:21 1:35 0:00
Matt Smaby 0 0 0 -1 0 1 0 0 0 1 0/0 20:44 1:34 2:13
Max Pacioretty 0 0 0 0 0 4 0 0 1 0 0/1 20:42 0:24 1:30
Nathan Beaulieu 0 0 0 -1 2 3 2 0 2 0 0/0 25:42 0:25 2:16
Nick Ritchie 0 0 0 0 2 1 0 0 0 1 0/1 12:53 0:00 0:58
Niclas Bergfors 0 0 0 0 0 2 1 0 1 0 0/0 11:33 0:00 0:00
Tomas Kubalik 1 1 2 2 0 1 1 0 0 0 0/0 7:10 0:00 0:00
Travis Zajac 0 0 0 0 0 2 1 0 0 0 1/3 11:33 0:00 0:00
Players Stats for Canadiens
Player Name G A P +/- PIM S H SB GA TA FO MP PP MP PK MP
------------------------------------------------------------------------------------
Brandon Bollig 0 0 0 -1 0 0 0 0 0 0 0/0 8:42 0:01 0:51
Brian Dumoulin 1 0 1 -1 0 2 0 1 1 0 0/0 17:27 2:34 1:08
Cam Fowler 0 2 2 2 2 1 0 1 2 1 0/0 26:19 3:47 0:00
Chris Kreider 0 2 2 -1 0 2 0 0 0 3 0/2 19:20 3:29 0:00
Corban Knight 0 0 0 -1 0 0 0 0 0 0 0/1 8:42 0:01 0:51
Greg Stewart 1 0 1 1 0 3 0 0 0 0 0/0 17:51 2:51 0:00
Jean-Gabriel Pageau 0 1 1 1 0 2 1 0 1 1 9/12 18:29 2:51 0:00
Jordan Szwarz 1 0 1 1 0 3 1 0 1 0 0/0 12:58 0:01 0:00
Kevin Shattenkirk 0 1 1 2 0 3 1 2 0 0 0/0 26:14 3:47 0:51
Mark Stuart 0 0 0 -1 0 0 2 2 0 2 0/0 19:53 2:34 1:08
Mattias Tedenby 0 0 0 -1 0 0 0 0 0 0 0/0 7:33 0:00 0:00
Mika Zibanejad 1 0 1 -1 0 4 2 0 0 2 8/19 19:20 3:29 0:00
Mike Richards 0 0 0 1 0 1 0 1 1 2 12/16 13:29 0:00 1:08
Nikita Kucherov 0 1 1 -1 0 5 0 0 1 0 1/2 19:20 3:29 0:00
Philip Larsen 0 0 0 -1 0 0 1 0 0 1 0/0 13:53 0:00 0:00
Rickard Rakell 0 0 0 1 0 1 1 0 0 3 1/1 17:51 2:51 0:00
Scott Hartnell 0 1 1 1 0 4 1 1 0 1 1/1 14:07 0:00 1:08
Sean Zimmerman 0 0 0 -1 0 2 0 0 0 0 0/0 16:32 0:00 0:51
3 Stars
1 - Tomas Kubalik (Phi)
2 - Calle Jarnkrok (Phi)
3 - Jordan Szwarz (Mon)
Power Play
Flyers - 0 on 1 Attempt(s) - 0.00%
Canadiens - 1 on 4 Attempt(s) - 25.00%
Penalty Kill
Flyers - 3 on 4 Attempt(s) - 75.00%
- Score 0 goal in Penalty Kill
Canadiens - 1 on 1 Attempt(s) - 100.00%
- Score 0 goal in Penalty Kill
Team Stat
Flyers - Hits : 16 - Faceoff Wins : 22 - Blocked Shots : 6 - Penalty Minutes : 8
Canadiens - Hits : 10 - Faceoff Wins : 32 - Blocked Shots : 8 - Penalty Minutes : 2
Official
Referees : Steve Kozari and Chris Rooney
Linesman : Travis Gawryletz and Pierre Racicot
Game Notes
No Game Note
Finance
Level 1 -- Attendance: 6000 (100.00%) -- Ticket Income $600,000
Level 2 -- Attendance: 5000 (100.00%) -- Ticket Income $300,000
Level 3 -- Attendance: 2000 (100.00%) -- Ticket Income $70,000
Level 4 -- Attendance: 3648 (91.20%) -- Ticket Income $91,200
Luxury Box -- Attendance: 1000 (100.00%) -- Ticket Income $200,000
Game was played at the Centre Bell.
Total Attendance: 17648 (98.04%)
Total Ticket Income: $1,261,200
Other Income: $189,180
Total Income: $1,450,380
Flyers
5 vs 5 Forward
Center Left Wing Right Wing Time % Phy DF OF
1 Jordan Nolan Max Pacioretty Jakub Voracek 40 1 2 2
2 Jeff Carter Drew Miller Marcus Kruger 30 1 2 2
3 Travis Zajac Nick Ritchie Niclas Bergfors 20 1 2 2
4 Calle Jarnkrok Brock Nelson Tomas Kubalik 10 1 2 2
5 vs 5 Defense
Defense Defense Time % Phy DF OF
1 Jacob Trouba Nathan Beaulieu 40 1 2 2
2 Brian Lashoff Matt Smaby 30 1 2 2
3 Jonathan Ericsson Jake Dotchin 20 1 2 2
4 Jacob Trouba Nathan Beaulieu 10 1 2 2
PowerPlay Forward
Center Left Wing Right Wing Time % Phy DF OF
1 Jordan Nolan Max Pacioretty Jakub Voracek 60 1 2 2
2 Jeff Carter Drew Miller Marcus Kruger 40 1 2 2
PowerPlay Defense
Defense Defense Time % Phy DF OF
1 Jacob Trouba Nathan Beaulieu 60 1 2 2
2 Brian Lashoff Matt Smaby 40 1 2 2
Penalty Kill 4 Players Forward
Center Wing Time % Phy DF OF
1 Jordan Nolan Jakub Voracek 60 1 2 2
2 Max Pacioretty Jeff Carter 40 1 2 2
Penalty Kill 4 Players Defense
Defense Defense Time % Phy DF OF
1 Jacob Trouba Nathan Beaulieu 60 1 2 2
2 Brian Lashoff Matt Smaby 40 1 2 2
Penalty Kill - 3 Players Forward
Forward Time % Phy DF OF
1 Jordan Nolan 60 1 2 2
2 Jakub Voracek 40 1 2 2
Penalty Kill - 3 Players Defense
Defense Defense Time % Phy DF OF
1 Jacob Trouba Nathan Beaulieu 60 1 2 2
2 Brian Lashoff Matt Smaby 40 1 2 2
4 vs 4 Forward
Center Wing Time % Phy DF OF
1 Jordan Nolan Jakub Voracek 60 1 2 2
2 Max Pacioretty Jeff Carter 40 1 2 2
4 vs 4 Defense
Defense Defense Time % Phy DF OF
1 Jacob Trouba Nathan Beaulieu 60 1 2 2
2 Brian Lashoff Matt Smaby 40 1 2 2
Last Minutes Offensive
Center Left Wing Right Wing Defense Defense
Jordan Nolan Max Pacioretty Jakub Voracek Jacob Trouba Nathan Beaulieu
Last Minutes Defensive
Center Left Wing Right Wing Defense Defense
Jordan Nolan Max Pacioretty Jakub Voracek Jacob Trouba Nathan Beaulieu
Goaltenders
Starting : Ilya Sorokin
Backup : Steve Mason
Extra Forwards
Normal : Travis Zajac, Niclas Bergfors, Nick Ritchie - PP : Travis Zajac, Niclas Bergfors - PK : Nick Ritchie
Extra Defensemen
Normal : Jonathan Ericsson, Jake Dotchin, Brian Lashoff - PP : Jonathan Ericsson - PK : Jake Dotchin, Brian Lashoff
Penalty Shots
Jordan Nolan, Jakub Voracek, Max Pacioretty, Jeff Carter, Travis Zajac
Scratches
Travis Konecny (Healthy)
Canadiens
5 vs 5 Forward
Center Left Wing Right Wing Time % Phy DF OF
1 Mika Zibanejad Chris Kreider Nikita Kucherov 35 0 2 3
2 Jean-Gabriel Pageau Greg Stewart Rickard Rakell 30 0 2 3
3 Mike Richards Scott Hartnell Jordan Szwarz 25 0 2 3
4 Corban Knight Brandon Bollig Mattias Tedenby 10 0 2 3
5 vs 5 Defense
Defense Defense Time % Phy DF OF
1 Kevin Shattenkirk Cam Fowler 40 0 2 3
2 Sean Zimmerman Mark Stuart 30 0 2 3
3 Brian Dumoulin Philip Larsen 20 0 2 3
4 Cam Fowler Kevin Shattenkirk 10 0 2 3
PowerPlay Forward
Center Left Wing Right Wing Time % Phy DF OF
1 Mika Zibanejad Chris Kreider Nikita Kucherov 60 0 1 4
2 Jean-Gabriel Pageau Greg Stewart Rickard Rakell 40 0 1 4
PowerPlay Defense
Defense Defense Time % Phy DF OF
1 Kevin Shattenkirk Cam Fowler 60 0 1 4
2 Brian Dumoulin Mark Stuart 40 0 1 4
Penalty Kill 4 Players Forward
Center Wing Time % Phy DF OF
1 Mike Richards Scott Hartnell 60 0 4 1
2 Corban Knight Brandon Bollig 40 0 4 1
Penalty Kill 4 Players Defense
Defense Defense Time % Phy DF OF
1 Cam Fowler Mark Stuart 60 0 5 0
2 Sean Zimmerman Kevin Shattenkirk 40 0 5 0
Penalty Kill - 3 Players Forward
Forward Time % Phy DF OF
1 Jean-Gabriel Pageau 60 0 5 0
2 Mika Zibanejad 40 0 5 0
Penalty Kill - 3 Players Defense
Defense Defense Time % Phy DF OF
1 Cam Fowler Mark Stuart 60 0 5 0
2 Sean Zimmerman Philip Larsen 40 0 5 0
4 vs 4 Forward
Center Wing Time % Phy DF OF
1 Jean-Gabriel Pageau Chris Kreider 60 0 2 3
2 Mika Zibanejad Nikita Kucherov 40 0 2 3
4 vs 4 Defense
Defense Defense Time % Phy DF OF
1 Philip Larsen Brian Dumoulin 60 0 2 3
2 Cam Fowler Mark Stuart 40 1 2 2
Last Minutes Offensive
Center Left Wing Right Wing Defense Defense
Mika Zibanejad Chris Kreider Nikita Kucherov Kevin Shattenkirk Cam Fowler
Last Minutes Defensive
Center Left Wing Right Wing Defense Defense
Jean-Gabriel Pageau Scott Hartnell Jordan Szwarz Mark Stuart Cam Fowler
Goaltenders
Starting : Robin Lehner
Backup : Allen York
Extra Forwards
Normal : Chris Kreider, Mika Zibanejad, Jean-Gabriel Pageau - PP : Chris Kreider, Mika Zibanejad - PK : Scott Hartnell
Extra Defensemen
Normal : Kevin Shattenkirk, Cam Fowler, Mark Stuart - PP : Kevin Shattenkirk - PK : Cam Fowler, Mark Stuart
Penalty Shots
Chris Kreider, Jean-Gabriel Pageau, Mika Zibanejad, Nikita Kucherov, Rickard Rakell
Scratches
None
% Time on Ice - Flyers
Lines # - Real PCT - Wanted PCT - Time Play
Normal Forward
1 - 36% - 40% - 18:16
2 - 28% - 30% - 14:03
3 - 23% - 20% - 11:33
4 - 14% - 10% - 7:10
Normal Defense
1 - 39% - 40% - 19:48
2 - 34% - 30% - 17:14
3 - 23% - 20% - 11:31
4 - 5% - 10% - 2:29
PP Forward
1 - 20% - 60% - 0:24
2 - 80% - 40% - 1:35
PP Defense
1 - 21% - 60% - 0:25
2 - 79% - 40% - 1:34
PK Forward
1 - 76% - 60% - 4:51
2 - 24% - 40% - 1:30
PK Defense
1 - 60% - 60% - 3:49
2 - 40% - 40% - 2:32
PK3 Forward
1 - 0% - 60%
2 - 0% - 40%
PK3 Defense
1 - 0% - 60%
2 - 0% - 40%
44 Forward
1 - 0% - 60%
2 - 0% - 40%
44 Defense
1 - 0% - 60%
2 - 0% - 40%
Last Minute Offensive - 0:38
Last Minute Defensive - 0:00
Total
Forward - 60:00
Defense - 60:00
|
% Time on Ice - Canadiens
Lines # - Real PCT - Wanted PCT - Time Play
Normal Forward
1 - 32% - 35% - 16:27
2 - 29% - 30% - 15:00
3 - 24% - 25% - 12:02
4 - 15% - 10% - 7:33
Normal Defense
1 - 38% - 40% - 19:22
2 - 31% - 30% - 15:53
3 - 25% - 20% - 12:34
4 - 6% - 10% - 3:13
PP Forward
1 - 55% - 60% - 3:30
2 - 45% - 40% - 2:51
PP Defense
1 - 60% - 60% - 3:47
2 - 40% - 40% - 2:34
PK Forward
1 - 57% - 60% - 1:08
2 - 43% - 40% - 0:51
PK Defense
1 - 57% - 60% - 1:08
2 - 43% - 40% - 0:51
PK3 Forward
1 - 0% - 60%
2 - 0% - 40%
PK3 Defense
1 - 0% - 60%
2 - 0% - 40%
44 Forward
1 - 0% - 60%
2 - 0% - 40%
44 Defense
1 - 0% - 60%
2 - 0% - 40%
Last Minute Offensive - 0:00
Last Minute Defensive - 0:38
Total
Forward - 60:00
Defense - 60:00
|
Play-by-Play
1st period
0:01 of 1st period - Jordan Nolan wins face-off versus Mika Zibanejad in neutral zone.
0:39 of 1st period - Off-side.
0:40 of 1st period - Mike Richards wins face-off versus Travis Zajac in neutral zone.
0:43 of 1st period - Nick Ritchie is hit by Mark Stuart and loses puck.
0:56 of 1st period - Slapshot by Scott Hartnell.
0:56 of 1st period - Stopped by Ilya Sorokin with a rebound.
1:57 of 1st period - Snap shot by Marcus Kruger.
1:57 of 1st period - Goal by Marcus Kruger - Flyers : 1 - Canadiens : 0.
1:58 of 1st period - Jeff Carter wins face-off versus Mike Richards in neutral zone.
2:07 of 1st period - Snap shot by Marcus Kruger.
2:07 of 1st period - Shot Misses the Net.
2:09 of 1st period - Minor Penalty to Cam Fowler for Cross-checking.
2:10 of 1st period - Mike Richards wins face-off versus Jordan Nolan in Canadiens zone.
2:41 of 1st period - Snap shot by Jeff Carter.
2:41 of 1st period - Deflect By Marcus Kruger.
2:41 of 1st period - Stopped by Robin Lehner with a rebound.
2:43 of 1st period - Wrist shot by Marcus Kruger.
2:43 of 1st period - Stopped by Robin Lehner without a rebound.
2:44 of 1st period - Jeff Carter wins face-off versus Corban Knight in Canadiens zone.
3:41 of 1st period - Scott Hartnell is hit by Jeff Carter.
4:09 of 1st period - Penalty to Cam Fowler is over, Cam Fowler is back on ice.
7:02 of 1st period - Mika Zibanejad is hit by Brock Nelson and loses puck.
7:28 of 1st period - Icing by Matt Smaby.
7:29 of 1st period - Jeff Carter wins face-off versus Mika Zibanejad in Flyers zone.
7:29 of 1st period - Jeff Carter is hit by Mika Zibanejad.
7:45 of 1st period - Wrist shot by Greg Stewart.
7:45 of 1st period - Shot Misses the Net.
7:47 of 1st period - Slapshot by Brian Dumoulin.
7:47 of 1st period - Stopped by Ilya Sorokin with a rebound.
8:29 of 1st period - Backhand shot by Nikita Kucherov.
8:29 of 1st period - Shot Misses the Net.
9:14 of 1st period - Snap shot by Travis Zajac.
9:14 of 1st period - Stopped by Robin Lehner without a rebound.
9:15 of 1st period - Rickard Rakell wins face-off versus Jordan Nolan in Canadiens zone.
10:15 of 1st period - Slapshot by Kevin Shattenkirk.
10:15 of 1st period - Stopped by Ilya Sorokin with a rebound.
11:15 of 1st period - Greg Stewart is hit by Marcus Kruger.
11:37 of 1st period - Slapshot by Travis Zajac.
11:37 of 1st period - Stopped by Robin Lehner with a rebound.
12:03 of 1st period - Max Pacioretty is hit by Philip Larsen and loses puck.
12:43 of 1st period - Off-side.
12:44 of 1st period - Mika Zibanejad wins face-off versus Calle Jarnkrok in neutral zone.
13:13 of 1st period - Wrist shot by Calle Jarnkrok.
13:13 of 1st period - Shot Misses the Net.
13:15 of 1st period - Slapshot by Jake Dotchin.
13:15 of 1st period - Shot Misses the Net.
13:17 of 1st period - Slapshot by Jonathan Ericsson.
13:17 of 1st period - Shot Blocked by Mark Stuart.
13:19 of 1st period - Backhand shot by Calle Jarnkrok.
13:19 of 1st period - Deflect By Tomas Kubalik.
13:19 of 1st period - Goal by Tomas Kubalik - Flyers : 2 - Canadiens : 0.
13:20 of 1st period - Mike Richards wins face-off versus Jordan Nolan in neutral zone.
14:15 of 1st period - Snap shot by Niclas Bergfors.
14:15 of 1st period - Shot Misses the Net.
14:17 of 1st period - Wrist shot by Niclas Bergfors.
14:17 of 1st period - Stopped by Robin Lehner without a rebound.
14:18 of 1st period - Mike Richards wins face-off versus Jordan Nolan in Canadiens zone.
16:25 of 1st period - Snap shot by Kevin Shattenkirk.
16:25 of 1st period - Deflect By Nikita Kucherov.
16:25 of 1st period - Stopped by Ilya Sorokin without a rebound.
16:26 of 1st period - Jean-Gabriel Pageau wins face-off versus Travis Zajac in Flyers zone.
17:01 of 1st period - Off-side.
17:02 of 1st period - Jordan Nolan wins face-off versus Mika Zibanejad in neutral zone.
17:07 of 1st period - Snap shot by Max Pacioretty.
17:07 of 1st period - Stopped by Robin Lehner without a rebound.
17:08 of 1st period - Nikita Kucherov wins face-off versus Jordan Nolan in Canadiens zone.
17:08 of 1st period - Nikita Kucherov is hit by Jakub Voracek.
17:25 of 1st period - Icing by Brian Dumoulin.
17:26 of 1st period - Jeff Carter wins face-off versus Mika Zibanejad in Canadiens zone.
17:39 of 1st period - Snap shot by Chris Kreider.
17:39 of 1st period - Stopped by Ilya Sorokin with a rebound.
17:45 of 1st period - Wrist shot by Mika Zibanejad.
17:45 of 1st period - Deflect By Chris Kreider.
17:45 of 1st period - Shot Misses the Net.
17:45 of 1st period - Puck is out of play.
17:46 of 1st period - Mike Richards wins face-off versus Jordan Nolan in Flyers zone.
17:47 of 1st period - Wrist shot by Jordan Szwarz.
17:47 of 1st period - Stopped by Ilya Sorokin without a rebound.
17:48 of 1st period - Mike Richards wins face-off versus Jordan Nolan in Flyers zone.
18:13 of 1st period - Wrist shot by Nikita Kucherov.
18:13 of 1st period - Shot Misses the Net.
18:15 of 1st period - Slapshot by Sean Zimmerman.
18:15 of 1st period - Stopped by Ilya Sorokin without a rebound.
18:16 of 1st period - Mika Zibanejad wins face-off versus Jeff Carter in Flyers zone.
18:31 of 1st period - Wrist shot by Nikita Kucherov.
18:31 of 1st period - Shot Misses the Net.
18:33 of 1st period - Snap shot by Mika Zibanejad.
18:33 of 1st period - Stopped by Ilya Sorokin with a rebound.
19:58 of 1st period - Snap shot by Chris Kreider.
19:58 of 1st period - Shot Misses the Net.
Goals for this period are 2 for Flyers vs 0 for Canadiens.
Shots for this period are 8 for Flyers vs 8 for Canadiens.
2nd period
0:01 of 2nd period - Jean-Gabriel Pageau wins face-off versus Jordan Nolan in neutral zone.
0:08 of 2nd period - Snap shot by Jean-Gabriel Pageau.
0:08 of 2nd period - Deflect By Greg Stewart.
0:08 of 2nd period - Shot Blocked by Jacob Trouba.
0:08 of 2nd period - Puck is out of play.
0:09 of 2nd period - Jean-Gabriel Pageau wins face-off versus Jordan Nolan in Flyers zone.
0:23 of 2nd period - Off-side.
0:24 of 2nd period - Mike Richards wins face-off versus Jeff Carter in neutral zone.
0:31 of 2nd period - Wrist shot by Mike Richards.
0:31 of 2nd period - Stopped by Ilya Sorokin without a rebound.
0:32 of 2nd period - Scott Hartnell wins face-off versus Jeff Carter in Flyers zone.
0:33 of 2nd period - Backhand shot by Kevin Shattenkirk.
0:33 of 2nd period - Shot Blocked by Drew Miller.
0:39 of 2nd period - Slapshot by Jordan Szwarz.
0:39 of 2nd period - Shot Misses the Net.
0:41 of 2nd period - Snap shot by Jordan Szwarz.
0:41 of 2nd period - Deflect By Scott Hartnell.
0:41 of 2nd period - Stopped by Ilya Sorokin with a rebound.
0:43 of 2nd period - Slapshot by Cam Fowler.
0:43 of 2nd period - Deflect By Jordan Szwarz.
0:43 of 2nd period - Goal by Jordan Szwarz - Flyers : 2 - Canadiens : 1.
0:44 of 2nd period - Jean-Gabriel Pageau wins face-off versus Jordan Nolan in neutral zone.
0:53 of 2nd period - Wrist shot by Jean-Gabriel Pageau.
0:53 of 2nd period - Deflect By Rickard Rakell.
0:53 of 2nd period - Shot Blocked by Jakub Voracek.
0:53 of 2nd period - Puck is out of play.
0:54 of 2nd period - Jean-Gabriel Pageau wins face-off versus Jordan Nolan in Flyers zone.
1:17 of 2nd period - Snap shot by Jordan Nolan.
1:17 of 2nd period - Shot Blocked by Mark Stuart.
1:19 of 2nd period - Snap shot by Nathan Beaulieu.
1:19 of 2nd period - Shot Misses the Net.
1:21 of 2nd period - Slapshot by Nathan Beaulieu.
1:21 of 2nd period - Stopped by Robin Lehner with a rebound.
1:23 of 2nd period - Wrist shot by Max Pacioretty.
1:23 of 2nd period - Stopped by Robin Lehner without a rebound.
1:24 of 2nd period - Jeff Carter wins face-off versus Mika Zibanejad in Canadiens zone.
3:07 of 2nd period - Chris Kreider is hit by Marcus Kruger and loses puck.
3:46 of 2nd period - Snap shot by Jean-Gabriel Pageau.
3:46 of 2nd period - Stopped by Ilya Sorokin without a rebound.
3:47 of 2nd period - Jordan Nolan wins face-off versus Jean-Gabriel Pageau in Flyers zone.
4:08 of 2nd period - Wrist shot by Greg Stewart.
4:08 of 2nd period - Deflect By Jean-Gabriel Pageau.
4:08 of 2nd period - Stopped by Ilya Sorokin with a rebound.
4:11 of 2nd period - Icing by Brian Lashoff.
4:12 of 2nd period - Mika Zibanejad wins face-off versus Jordan Nolan in Flyers zone.
4:13 of 2nd period - Slapshot by Chris Kreider.
4:13 of 2nd period - Stopped by Ilya Sorokin with a rebound.
4:55 of 2nd period - Off-side.
4:56 of 2nd period - Mike Richards wins face-off versus Drew Miller in neutral zone.
5:05 of 2nd period - Slapshot by Nathan Beaulieu.
5:05 of 2nd period - Stopped by Robin Lehner with a rebound.
5:07 of 2nd period - Snap shot by Drew Miller.
5:07 of 2nd period - Stopped by Robin Lehner with a rebound.
5:13 of 2nd period - Wrist shot by Jeff Carter.
5:13 of 2nd period - Shot Blocked by Brian Dumoulin.
5:28 of 2nd period - Minor Penalty to Nick Ritchie for High sticking.
5:29 of 2nd period - Jordan Nolan wins face-off versus Chris Kreider in Flyers zone.
5:45 of 2nd period - Jordan Nolan is hit by Kevin Shattenkirk and loses puck.
6:43 of 2nd period - Calle Jarnkrok is hit by Mika Zibanejad and loses puck.
7:25 of 2nd period - Brian Dumoulin is hit by Brock Nelson and loses puck.
7:28 of 2nd period - Penalty to Nick Ritchie is over, Nick Ritchie is back on ice.
7:34 of 2nd period - Slapshot by Calle Jarnkrok.
7:34 of 2nd period - Stopped by Robin Lehner with a rebound.
9:30 of 2nd period - Mike Richards is hit by Jordan Nolan and loses puck.
9:45 of 2nd period - Nathan Beaulieu is hit by Jean-Gabriel Pageau and loses puck.
10:04 of 2nd period - Brian Dumoulin is hit by Travis Zajac and loses puck.
10:18 of 2nd period - Brian Dumoulin is hit by Jordan Nolan.
11:57 of 2nd period - Wrist shot by Mike Richards.
11:57 of 2nd period - Shot Misses the Net.
13:06 of 2nd period - Snap shot by Jonathan Ericsson.
13:06 of 2nd period - Shot Misses the Net.
13:08 of 2nd period - Snap shot by Marcus Kruger.
13:08 of 2nd period - Stopped by Robin Lehner with a rebound.
13:10 of 2nd period - Wrist shot by Jeff Carter.
13:10 of 2nd period - Shot Blocked by Scott Hartnell.
13:12 of 2nd period - Slapshot by Jeff Carter.
13:12 of 2nd period - Shot Blocked by Mike Richards.
13:14 of 2nd period - Wrist shot by Marcus Kruger.
13:14 of 2nd period - Shot Misses the Net.
14:07 of 2nd period - Brandon Bollig is hit by Jordan Nolan and loses puck.
14:14 of 2nd period - Jakub Voracek is hit by Mark Stuart and loses puck.
14:25 of 2nd period - Slapshot by Brandon Bollig.
14:25 of 2nd period - Shot Blocked by Jakub Voracek.
14:35 of 2nd period - Snap shot by Max Pacioretty.
14:35 of 2nd period - Shot Misses the Net.
14:37 of 2nd period - Snap shot by Jordan Nolan.
14:37 of 2nd period - Stopped by Robin Lehner without a rebound.
14:38 of 2nd period - Drew Miller wins face-off versus Mika Zibanejad in Canadiens zone.
14:45 of 2nd period - Snap shot by Chris Kreider.
14:45 of 2nd period - Shot Misses the Net.
14:47 of 2nd period - Slapshot by Cam Fowler.
14:47 of 2nd period - Shot Misses the Net.
15:25 of 2nd period - Philip Larsen is hit by Tomas Kubalik.
16:13 of 2nd period - Off-side.
16:14 of 2nd period - Mike Richards wins face-off versus Max Pacioretty in neutral zone.
16:29 of 2nd period - Wrist shot by Jordan Szwarz.
16:29 of 2nd period - Stopped by Ilya Sorokin with a rebound.
16:42 of 2nd period - Icing by Jacob Trouba.
16:43 of 2nd period - Jeff Carter wins face-off versus Nikita Kucherov in Flyers zone.
16:48 of 2nd period - Snap shot by Nikita Kucherov.
16:48 of 2nd period - Shot Misses the Net.
16:50 of 2nd period - Snap shot by Nikita Kucherov.
16:50 of 2nd period - Stopped by Ilya Sorokin with a rebound.
16:52 of 2nd period - Snap shot by Sean Zimmerman.
16:52 of 2nd period - Stopped by Ilya Sorokin with a rebound.
16:54 of 2nd period - Snap shot by Mika Zibanejad.
16:54 of 2nd period - Stopped by Ilya Sorokin with a rebound.
16:56 of 2nd period - Slapshot by Mika Zibanejad.
16:56 of 2nd period - Stopped by Ilya Sorokin without a rebound.
16:57 of 2nd period - Jakub Voracek wins face-off versus Mika Zibanejad in Flyers zone.
17:07 of 2nd period - Wrist shot by Matt Smaby.
17:07 of 2nd period - Stopped by Robin Lehner with a rebound.
17:09 of 2nd period - Wrist shot by Brian Lashoff.
17:09 of 2nd period - Shot Blocked by Kevin Shattenkirk.
17:11 of 2nd period - Wrist shot by Max Pacioretty.
17:11 of 2nd period - Shot Misses the Net.
17:13 of 2nd period - Wrist shot by Max Pacioretty.
17:13 of 2nd period - Stopped by Robin Lehner with a rebound.
17:25 of 2nd period - Snap shot by Niclas Bergfors.
17:25 of 2nd period - Stopped by Robin Lehner with a rebound.
17:53 of 2nd period - Wrist shot by Greg Stewart.
17:53 of 2nd period - Deflect By Marcus Kruger.
17:53 of 2nd period - Stopped by Ilya Sorokin with a rebound.
17:55 of 2nd period - Slapshot by Kevin Shattenkirk.
17:55 of 2nd period - Stopped by Ilya Sorokin with a rebound.
17:59 of 2nd period - Wrist shot by Greg Stewart.
17:59 of 2nd period - Shot Misses the Net.
18:01 of 2nd period - Slapshot by Cam Fowler.
18:01 of 2nd period - Stopped by Ilya Sorokin without a rebound.
18:02 of 2nd period - Jordan Nolan wins face-off versus Mike Richards in Flyers zone.
19:30 of 2nd period - Brian Dumoulin is hit by Jacob Trouba and loses puck.
19:51 of 2nd period - Snap shot by Nathan Beaulieu.
19:51 of 2nd period - Shot Misses the Net.
Goals for this period are 0 for Flyers vs 1 for Canadiens.
Shots for this period are 10 for Flyers vs 14 for Canadiens.
3rd period
0:01 of 3rd period - Jean-Gabriel Pageau wins face-off versus Jordan Nolan in neutral zone.
0:26 of 3rd period - Kevin Shattenkirk is hit by Jacob Trouba.
0:34 of 3rd period - Wrist shot by Chris Kreider.
0:34 of 3rd period - Shot Misses the Net.
0:36 of 3rd period - Snap shot by Mika Zibanejad.
0:36 of 3rd period - Goal by Mika Zibanejad - Flyers : 2 - Canadiens : 2.
0:37 of 3rd period - Jean-Gabriel Pageau wins face-off versus Jordan Nolan in neutral zone.
1:15 of 3rd period - Snap shot by Marcus Kruger.
1:15 of 3rd period - Stopped by Robin Lehner without a rebound.
1:16 of 3rd period - Mike Richards wins face-off versus Jordan Nolan in Canadiens zone.
2:11 of 3rd period - Minor Penalty to Nathan Beaulieu for Tripping.
2:12 of 3rd period - Jordan Nolan wins face-off versus Mika Zibanejad in Flyers zone.
2:21 of 3rd period - Snap shot by Nikita Kucherov.
2:21 of 3rd period - Stopped by Ilya Sorokin with a rebound.
4:11 of 3rd period - Penalty to Nathan Beaulieu is over, Nathan Beaulieu is back on ice.
4:18 of 3rd period - Snap shot by Nick Ritchie.
4:18 of 3rd period - Stopped by Robin Lehner without a rebound.
4:19 of 3rd period - Mike Richards wins face-off versus Jeff Carter in Canadiens zone.
4:30 of 3rd period - Snap shot by Drew Miller.
4:30 of 3rd period - Stopped by Robin Lehner with a rebound.
4:34 of 3rd period - Snap shot by Marcus Kruger.
4:34 of 3rd period - Stopped by Robin Lehner without a rebound.
4:35 of 3rd period - Mika Zibanejad wins face-off versus Jordan Nolan in Canadiens zone.
5:29 of 3rd period - Brian Dumoulin is hit by Nathan Beaulieu.
6:12 of 3rd period - Wrist shot by Jordan Nolan.
6:12 of 3rd period - Shot Misses the Net.
6:14 of 3rd period - Snap shot by Jordan Nolan.
6:14 of 3rd period - Shot Misses the Net.
6:16 of 3rd period - Slapshot by Nathan Beaulieu.
6:16 of 3rd period - Shot Misses the Net.
6:18 of 3rd period - Slapshot by Jakub Voracek.
6:18 of 3rd period - Stopped by Robin Lehner with a rebound.
6:20 of 3rd period - Slapshot by Jacob Trouba.
6:20 of 3rd period - Stopped by Robin Lehner without a rebound.
6:21 of 3rd period - Mika Zibanejad wins face-off versus Jeff Carter in Canadiens zone.
6:38 of 3rd period - Slapshot by Brian Lashoff.
6:38 of 3rd period - Shot Blocked by Cam Fowler.
7:45 of 3rd period - Icing by Chris Kreider.
7:46 of 3rd period - Travis Zajac wins face-off versus Jean-Gabriel Pageau in Canadiens zone.
7:53 of 3rd period - Wrist shot by Nick Ritchie.
7:53 of 3rd period - Shot Blocked by Kevin Shattenkirk.
7:55 of 3rd period - Snap shot by Travis Zajac.
7:55 of 3rd period - Deflect By Nick Ritchie.
7:55 of 3rd period - Shot Misses the Net.
7:55 of 3rd period - Puck is out of play.
7:56 of 3rd period - Jeff Carter wins face-off versus Mika Zibanejad in Canadiens zone.
8:27 of 3rd period - Snap shot by Brock Nelson.
8:27 of 3rd period - Stopped by Robin Lehner with a rebound.
8:29 of 3rd period - Snap shot by Calle Jarnkrok.
8:29 of 3rd period - Shot Misses the Net.
8:31 of 3rd period - Wrist shot by Brock Nelson.
8:31 of 3rd period - Shot Misses the Net.
8:33 of 3rd period - Slapshot by Nathan Beaulieu.
8:33 of 3rd period - Stopped by Robin Lehner with a rebound.
8:55 of 3rd period - Snap shot by Rickard Rakell.
8:55 of 3rd period - Stopped by Ilya Sorokin without a rebound.
8:56 of 3rd period - Jordan Nolan wins face-off versus Jean-Gabriel Pageau in Flyers zone.
9:13 of 3rd period - Wrist shot by Jordan Nolan.
9:13 of 3rd period - Shot Misses the Net.
9:23 of 3rd period - Brian Dumoulin is hit by Niclas Bergfors.
10:07 of 3rd period - Matt Smaby is hit by Rickard Rakell and loses puck.
11:55 of 3rd period - Snap shot by Greg Stewart.
11:55 of 3rd period - Stopped by Ilya Sorokin with a rebound.
11:57 of 3rd period - Slapshot by Greg Stewart.
11:57 of 3rd period - Goal by Greg Stewart - Flyers : 2 - Canadiens : 3.
11:58 of 3rd period - Jakub Voracek wins face-off versus Chris Kreider in neutral zone.
12:03 of 3rd period - Slapshot by Nikita Kucherov.
12:03 of 3rd period - Stopped by Ilya Sorokin with a rebound.
13:25 of 3rd period - Max Pacioretty is hit by Jordan Szwarz and loses puck.
13:39 of 3rd period - Jordan Nolan is hit by Scott Hartnell.
13:53 of 3rd period - Slapshot by Travis Zajac.
13:53 of 3rd period - Shot Misses the Net.
14:17 of 3rd period - Minor Penalty to Jeff Carter for Interference.
14:18 of 3rd period - Mika Zibanejad wins face-off versus Jordan Nolan in Flyers zone.
14:22 of 3rd period - Slapshot by Mika Zibanejad.
14:22 of 3rd period - Shot Blocked by Jordan Nolan.
14:24 of 3rd period - Slapshot by Kevin Shattenkirk.
14:24 of 3rd period - Stopped by Ilya Sorokin without a rebound.
14:25 of 3rd period - Jordan Nolan wins face-off versus Mika Zibanejad in Flyers zone.
14:34 of 3rd period - Chris Kreider is hit by Nathan Beaulieu and loses puck.
14:41 of 3rd period - Slapshot by Brian Dumoulin.
14:41 of 3rd period - Deflect By Jakub Voracek.
14:41 of 3rd period - Goal by Brian Dumoulin - Flyers : 2 - Canadiens : 4.
14:42 of 3rd period - Mika Zibanejad wins face-off versus Jordan Nolan in neutral zone.
14:51 of 3rd period - Snap shot by Nikita Kucherov.
14:51 of 3rd period - Shot Blocked by Jakub Voracek.
15:56 of 3rd period - Snap shot by Calle Jarnkrok.
15:56 of 3rd period - Shot Misses the Net.
15:58 of 3rd period - Wrist shot by Calle Jarnkrok.
15:58 of 3rd period - Goal by Calle Jarnkrok - Flyers : 3 - Canadiens : 4.
15:59 of 3rd period - Mike Richards wins face-off versus Jordan Nolan in neutral zone.
16:04 of 3rd period - Snap shot by Scott Hartnell.
16:04 of 3rd period - Stopped by Ilya Sorokin with a rebound.
16:30 of 3rd period - Off-side.
16:31 of 3rd period - Mika Zibanejad wins face-off versus Nick Ritchie in neutral zone.
16:56 of 3rd period - Snap shot by Nikita Kucherov.
16:56 of 3rd period - Stopped by Ilya Sorokin without a rebound.
16:57 of 3rd period - Jordan Nolan wins face-off versus Mike Richards in Flyers zone.
17:02 of 3rd period - Snap shot by Scott Hartnell.
17:02 of 3rd period - Stopped by Ilya Sorokin without a rebound.
17:03 of 3rd period - Jordan Nolan wins face-off versus Mike Richards in Flyers zone.
17:05 of 3rd period - Minor Penalty to Brian Lashoff for Hooking.
17:06 of 3rd period - Jordan Nolan wins face-off versus Mika Zibanejad in Flyers zone.
19:05 of 3rd period - Penalty to Brian Lashoff is over, Brian Lashoff is back on ice.
19:21 of 3rd period - Flyers, Ilya Sorokin is pulled from the net.
19:21 of 3rd period - Wrist shot by Max Pacioretty.
19:21 of 3rd period - Stopped by Robin Lehner without a rebound.
19:22 of 3rd period - Peter Laviolette call a timeout for Flyers.
19:22 of 3rd period - Jean-Gabriel Pageau wins face-off versus Jordan Nolan in Canadiens zone.
19:43 of 3rd period - Wrist shot by Jakub Voracek.
19:43 of 3rd period - Stopped by Robin Lehner without a rebound.
19:44 of 3rd period - Jean-Gabriel Pageau wins face-off versus Jordan Nolan in Canadiens zone.
Goals for this period are 1 for Flyers vs 3 for Canadiens.
Shots for this period are 11 for Flyers vs 11 for Canadiens.